 Dungeon Crawl Stone Soup version 0.29-a0-360-g8ed1089bbe (webtiles) character file.

Game seed: 17344608746002633809

623 Dordric the Cudgeller (level 7, -1/52 HPs)
             Began as a Demonspawn Berserker on Apr 20, 2022.
             Was a Believer of Trog.
             Slain by Pikel
             ... wielding a +2 whip of freezing
              (5 damage)
             ... on level 4 of the Dungeon on Apr 29, 2022.
             The game lasted 00:08:02 (4907 turns).

Dordric the Cudgeller (Demonspawn Berserker)        Turns: 4907, Time: 00:08:03

Health: -1/52      AC:  8    Str: 19    XL:     7   Next: 22%
Magic:  7/7        EV: 10    Int:  8    God:    Trog [**....]
Gold:   145        SH:  8    Dex: 13    Spells: 6/6 levels left

rFire   . . .      SeeInvis .   a - +1 mace
rCold   . . .      Faith    .   m - +3 warlock's mirror {reflect}
rNeg    . . .      Spirit   .   s - +0 chain mail
rPois   .          Reflect  +   (no helmet)
rElec   .          Harm     .   (no cloak)
rCorr   .          Rampage  .   (no gloves)
Will    ++...                   (no boots)
Stlth   ..........              (no amulet)
HPRegen 1.17/turn               (no ring)
MPRegen 0.10/turn               (no ring)

@: strong-willed, on berserk cooldown, regenerating, slowed, studying Dodging,
very slow
A: hooves 1, repulsion field 2, demonic guardian 1, powered by pain 1
a: Renounce Religion, Berserk, Trog's Hand


You were on level 4 of the Dungeon.
You worshipped Trog.
Trog was pleased with you.
You visited 1 branch of the dungeon, and saw 4 of its levels.
You also visited: Sewer.

You collected 145 gold pieces.

Inventory:

Hand Weapons
 a - a +1 mace (weapon)
Armour
 d - a +0 helmet
 m - the +3 warlock's mirror (worn) {reflect}
   (You found it on level 3 of the Dungeon)

   It can block and reflect piercing ranged attacks and magical attacks against
   the wielder's willpower.
 s - a +0 chain mail (worn)
Jewellery
 t - a ring of ice
Wands
 g - a wand of iceblast (7)
 r - a wand of digging (6)
Scrolls
 f - 2 scrolls of enchant weapon
 h - a scroll of identify
 j - 5 scrolls of teleportation
 k - a scroll of fog
 n - a scroll of amnesia
 o - a scroll of fear
 q - a scroll of vulnerability
 v - a scroll of enchant armour
Potions
 b - a potion of curing {unknown}
 c - 2 potions of might {unknown}
 e - 3 potions of haste {unknown}
 i - a potion of mutation {unknown}
 l - 2 potions of brilliance {unknown}
 p - 2 potions of degeneration {unknown}
 u - a potion of lignification {unknown}
 w - a potion of magic {unknown}


   Skills:
 - Level 3.0 Fighting
 + Level 6.3 Maces & Flails
 - Level 1.7 Armour
 - Level 1.7 Dodging
 - Level 4.0 Shields


You had 6 spell levels left.
You didn't know any spells.
Your spell library was empty.

Dungeon Overview and Level Annotations

Branches:
Dungeon (4/15)              Sewer (visited)
 Temple: D:4-7

Altars:

Annotations:
D:4 Pikel


Innate Abilities, Weirdness & Mutations

You have large cloven feet.
You are surrounded by a moderate repulsion field. (EV +3)
A weak demonic guardian rushes to your aid.
You sometimes gain a little power by taking damage.


Message History

Pikel freezes you.
* * * LOW HITPOINT WARNING * * *
You block the lemure's attack.
Your ufetubus barely misses the lemure.
Your ufetubus hits the lemure but does no damage.
You barely miss Pikel.
Pikel is severely wounded.
Your quasit barely misses the lemure.
Your quasit claws the lemure but does no damage. x2
Your ufetubus closely misses the lemure. x2
Pikel hits you but does no damage. The lemure hits you but does no damage.
You hit Pikel but do no damage.
Pikel is severely wounded.
You are no longer berserk.
You are exhausted.
You feel yourself slow down.
Your ufetubus hits the lemure.
Your ufetubus hits the lemure but does no damage.
Your quasit misses the lemure.
Your quasit claws the lemure but does no damage.
Your quasit misses the lemure. You hit Pikel but do no damage.
Pikel is severely wounded.
Your ufetubus hits the lemure but does no damage.
Your ufetubus hits the lemure.
Your quasit bites the lemure.
Your quasit claws the lemure but does no damage.
Your quasit completely misses the lemure.
You block Pikel's attack. The lemure hits your quasit!
The lemure barely misses you.
Your ufetubus barely misses the lemure. x2
Your quasit bites the lemure but does no damage.
Your quasit claws the lemure but does no damage.
Your quasit barely misses the lemure.
You block Pikel's attack. The lemure hits you.
* * * LOW HITPOINT WARNING * * *
Your skin crawls.
You feel strong-willed.
Your ufetubus hits the lemure but does no damage.
Your ufetubus barely misses the lemure.
Your quasit misses the lemure. x3
Your ufetubus hits the lemure but does no damage.
Your ufetubus misses the lemure.
Pikel hits you with a +2 whip of freezing.
You die...

#...# #.....#
####...#### #.###.#
#.........#
#######...... .......
.. .........##.#
...... .#
####....###.# #..5#
.# #.....# #.# #...#
.# ##....###.#
#.55##.# ##.#.....#
##.5K@.# #.#######
####5.# #รท# #..5.#
##'## #.####.#..#
##...## #.........#
##..>..## ######....#
##.......##
##....###.........###
#.......'.........'..
##....###.........###


You could see Pikel, 3 lemures, a friendly quasit (summoned) and a friendly
ufetubus (summoned).

Vanquished Creatures
  Eustachio (D:4)
  A black bear (D:4)
  A lemure (D:4)
  2 kobold brigands (Sewer)
  A scorpion (D:4)
  An iguana (D:4)
  7 adders
  2 river rats (Sewer)
  A white imp (D:4)
  6 dart slugs
  An orc (D:3)
  7 endoplasms
  7 giant cockroaches
  8 goblins
  4 hobgoblins
  2 jackals (Sewer)
  10 kobolds
  4 quokkas
  12 ball pythons
  8 bats
  4 frilled lizards
  3 rats
93 creatures vanquished.

Vanquished Creatures (collateral kills)
  A giant cockroach (D:3)
  A jackal (Sewer)
  A rat (Sewer)
3 creatures vanquished.

Vanquished Creatures (others)
  2 plants (Sewer)
2 creatures vanquished.

Grand Total: 98 creatures vanquished

Notes
Turn   | Place    | Note
-------+----------+-------------------------------------------
     0 | D:1      | Dordric the Demonspawn Berserker began the quest for the
                  | Orb.
     0 | D:1      | Reached XP level 1. HP: 18/18 MP: 1/1
    79 | D:1      | Reached skill level 3 in Maces & Flails
   120 | D:1      | Gained mutation: You sometimes gain a little power by
                  | taking damage. [demonic ancestry]
   120 | D:1      | Reached XP level 2. HP: 21/24 MP: 2/2
   890 | D:2      | Reached XP level 3. HP: 27/29 MP: 3/3
   958 | D:2      | Reached ** piety under Trog
  1020 | D:2      | Reached skill level 4 in Maces & Flails
  1553 | D:2      | You fall into a shaft and drop 1 floor!
  1785 | D:3      | Found the +3 warlock's mirror {reflect}
  1790 | D:3      | Gained mutation: A weak demonic guardian rushes to your
                  | aid. [demonic ancestry]
  1790 | D:3      | Reached XP level 4. HP: 32/35 MP: 4/4
  2167 | D:3      | Found a faded altar of an unknown god.
  2506 | D:4      | Noticed Eustachio
  2519 | D:4      | Killed Eustachio
  2520 | D:4      | Reached skill level 5 in Maces & Flails
  2520 | D:4      | Gained mutation: You are surrounded by a mild repulsion
                  | field. (EV +2) [demonic ancestry]
  2520 | D:4      | Reached XP level 5. HP: 41/41 MP: 5/5
  2767 | D:4      | Found a glowing drain.
  2771 | Sewer    | Entered a sewer
  2830 | Sewer    | Gained mutation: You have large cloven feet. [demonic
                  | ancestry]
  2830 | Sewer    | Reached XP level 6. HP: 35/47 MP: 6/6
  3781 | Sewer    | Identified a scroll of acquirement
  3782 | Sewer    | Acquired a manual of Dodging
  3793 | Sewer    | Upgraded the game from 0.29-a0-341-g24ffce5b50 to
                  | 0.29-a0-360-g8ed1089bbe
  3984 | D:4      | Reached skill level 6 in Maces & Flails
  4265 | D:4      | Gained mutation: You are surrounded by a moderate repulsion
                  | field. (EV +3) [demonic ancestry]
  4265 | D:4      | Reached XP level 7. HP: 36/52 MP: 7/7
  4881 | D:4      | Noticed Pikel
  4906 | D:4      | HP: 2/52 [lemure[Pikel] (1)]
  4907 | D:4      | Slain by Pikel

Illustrated notes

Levels and vault maps discovered:
D:1:      wander_arrival_chamber, layout_loops_ring,
          hangedman_abyss_or_decor_stabs
D:2:      layout_basic
D:3:      layout_basic, hellmonk_ecumenical_altar_run_dry
D:4:      layout_loops_corners, gup_sewer_entry_spiral, minmay_door_square,
          minmay_pentangle, uniq_eustachio, uniq_pikel

Skill      XL: |  1  2  3  4  5  6  7 |
---------------+----------------------+-----
Maces & Flails | 3 4 5 6 |  6.3
Shields        | 2 3 4 |  4.0
Fighting       | |  3.0
Armour         | |  1.7
Dodging        | |  1.7

Action                   |  1- 3 |  4- 6 |  7- 9 || total
-------------------------+-------+-------+-------++-------
Melee: Mace              |   115 |   211 |    43 ||   369
       Punch             |     1 |       |       ||     1
       Kick              |       |    22 |    11 ||    33
Invok: Berserk           |       |     3 |     1 ||     4
       Trog's Hand       |       |       |     1 ||     1
  Use: Scroll            |       |    11 |       ||    11
Armor: Animal skin       |     4 |       |       ||     4
       Ring mail         |    35 |     2 |       ||    37
       Scale mail        |       |    17 |       ||    17
       Chain mail        |       |    98 |    13 ||   111
Dodge: Dodged            |    80 |   108 |    14 ||   202
Block: Buckler           |       |    99 |    18 ||   117
       Reflection        |       |       |     1 ||     1

Table legend: (Time is in decaauts)
 A = Elapsed time spent in this place.
 B = Non-inter-level travel time spent in this place.
 C = Inter-level travel time spent in this place.
 D = Time resting spent in this place.
 E = Time spent auto-exploring this place.
 F = Levels seen in this place.
 G = Mean time per level.
                   A        B        C        D        E       F      G
               +--------+--------+--------+--------+--------+-----+--------+
         Total |   5178 |   5090 |     88 |      0 |   4124 |   5 | 1035.6 |
       Dungeon |   3947 |   3859 |     88 |      0 |   3090 |   4 |  986.8 |
         Sewer |   1231 |   1231 |      0 |      0 |   1034 |   1 | 1231.0 |
               +--------+--------+--------+--------+--------+-----+--------+

Top non-repeatable levels by time:
     D:4: 1409 daAuts
   Sewer: 1231 daAuts
     D:3: 962 daAuts
     D:1: 885 daAuts
     D:2: 690 daAuts
